 Dungeon Crawl Stone Soup version 0.30-a0-509-gd016549fea (webtiles) character file.

Game seed: 7128436941913337543

51 xzight the Firebug (level 3, 0/20 HPs)
             Began as a Deep Elf Fire Elementalist on Dec 22, 2022.
             Constricted to death by a ball python (1 damage)
             ... on level 2 of the Dungeon.
             The game lasted 00:01:06 (1830 turns).

xzight the Firebug (Deep Elf Fire Elementalist)     Turns: 1830, Time: 00:01:07

Health: 0/20       AC:  2    Str:  5    XL:     3   Next: 58%
Magic:  9/9        EV: 10    Int: 21    God:
Gold:   39         SH:  0    Dex: 15    Spells: 7/8 levels left

rFire   . . .      SeeInvis .    h - +0 dagger
rCold   . . .      Faith    .    (no shield)
rNeg    . . .      Spirit   .    a - +0 robe
rPois   .          Reflect  .    (no helmet)
rElec   .          Harm     .    (no cloak)
rCorr   .          Rampage  .    (no gloves)
Will    .....                    (no boots)
Stlth   ++........               (no amulet)
HPRegen 0.23/turn                (no ring)
MPRegen 0.11/turn                (no ring)

@: very slightly contaminated, constricted
A: no striking features
a: no special abilities


You were on level 2 of the Dungeon.
You visited 1 branch of the dungeon, and saw 2 of its levels.

You collected 39 gold pieces.


   Skills:
 + Level 0.7 Fighting
 + Level 3.0 Dodging
 - Level 2.4 Stealth
 + Level 3.4 Spellcasting
 + Level 1.9 Conjurations
 * Level 4.0 Fire Magic


You had 7 spell levels left.
You knew the following spells:

 Your Spells              Type           Power      Damage    Failure   Level
a - Foxfire               Conj/Fire      64%        2x1d7     3%          1

Your spell library contained the following spells:

 Spells                   Type           Power      Damage    Failure   Level
 Scorch                   Fire           40%        2d7       3%          2
 Inner Flame              Hex/Fire       12%        N/A       17%         3
 Kindle Blastsparks       Fire/Tloc/Air  18%        2d11      22%         3
 Flame Wave               Conj/Fire      16%        2d7       36%         4

Inventory:

Hand Weapons
 h - a +0 dagger (weapon)
Armour
 a - a +0 robe (worn)
Scrolls
 c - a scroll of amnesia {unknown}
 f - 2 scrolls of identify {unknown}
 g - a scroll of teleportation {unknown}
Potions
 b - a potion of magic
 d - a potion of lignification {unknown}
 e - 2 potions of heal wounds {unknown}

Dungeon Overview and Level Annotations

Branches:
Dungeon (2/15)

Altars:

. . .. .. ...
... .... ....
.....#####.....
..............#
......†@.....#
......S......#
.........^..#..
...###.....##
.. ...#.... .
...##...## ...
.#.# .... ...#


You could see a ball python.


Message History

* * * LOW HITPOINT WARNING * * *
The ball python constricts you. The hound bites you.
* * * LOW HITPOINT WARNING * * *
Casting: Foxfire (safe; 4% risk of failure)
Confirm with . or Enter, or press ? or * to list all spells.
You don't have enough magic to cast this spell.
Casting: Foxfire (safe; 4% risk of failure)
Confirm with . or Enter, or press ? or * to list all spells.
You don't have enough magic to cast this spell.
You hit the hound.
You kill the hound!
The ball python bites you.
* * * LOW HITPOINT WARNING * * *
The ball python constricts you.
Your Dodging skill increases to level 3!
Your Fire Magic skill increases to level 4!
You have reached level 3!
Your experience leads to an increase in your attributes!
Increase (S)trength, (I)ntelligence, or (D)exterity?
You feel clever. x2
Casting: Foxfire (safe; 3% risk of failure)
Confirm with . or Enter, or press ? or * to list all spells.
You don't have enough magic to cast this spell.
Magic courses through your body. The ball python barely misses you.
The ball python constricts you.
* * * LOW HITPOINT WARNING * * *
The ball python bites you.
* * * LOW HITPOINT WARNING * * *
The ball python constricts you.
You die...

Skill      XL: |  1  2 |
---------------+-------+-----
Dodging        | 3 |  3.0
Fire Magic     | 4 |  4.0
Fighting       | |  0.7
Stealth        | |  2.4
Spellcasting   | |  3.4
Conjurations   | |  1.9

Action                   || total
-------------------------++-------
Melee: Unarmed           ||     9
       Dagger            ||     1
 Cast: Foxfire           ||    78
  Use: Potion            ||     1
Armor: Robe              ||     9
Dodge: Dodged            ||    12

Levels and vault maps discovered:
D:1:      lightli_arrival_boilingwater, layout_loops_corners, serial_forest,
          infiniplex_forest_clump_medium, infiniplex_forest_end_3,
          infiniplex_forest_straight_1, infiniplex_forest_corner_2,
          infiniplex_forest_diagonal, infiniplex_forest_3_way,
          infiniplex_forest_clump_diagonal, infiniplex_forest_end_2,
          infiniplex_forest_end_3
D:2:      layout_rooms, kennysheep_generic_room_8

Notes
Turn   | Place    | Note
-------+----------+-------------------------------------------
     0 | D:1      | xzight the Deep Elf Fire Elementalist began the quest for
                  | the Orb.
     0 | D:1      | Reached XP level 1. HP: 10/10 MP: 6/6
   535 | D:1      | Reached XP level 2. HP: 15/15 MP: 4/8
  1830 | D:2      | Reached skill level 3 in Dodging
  1830 | D:2      | Reached skill level 4 in Fire Magic
  1830 | D:2      | Reached XP level 3. HP: 4/20 MP: 0/9
  1830 | D:2      | HP: 1/20 [ball python (3)]
  1830 | D:2      | Constricted to death by a ball python

Vanquished Creatures
  A hound (D:2)
  2 dart slugs (D:1)
  A ball python (D:1)
  2 bats (D:1)
  2 endoplasms (D:1)
  A giant cockroach (D:2)
  2 goblins (D:1)
  2 hobgoblins (D:1)
  2 frilled lizards (D:1)
  2 kobolds (D:1)
  2 rats (D:1)
19 creatures vanquished.

Vanquished Creatures (collateral kills)
  13 foxfires (D:1)
13 creatures vanquished.

Vanquished Creatures (others)
  117 foxfires
117 creatures vanquished.

Grand Total: 149 creatures vanquished

Table legend: (Time is in decaauts)
 A = Elapsed time spent in this place.
 B = Non-inter-level travel time spent in this place.
 C = Inter-level travel time spent in this place.
 D = Time resting spent in this place.
 E = Time spent auto-exploring this place.
 F = Levels seen in this place.
 G = Mean time per level.
                   A        B        C        D        E       F      G
               +--------+--------+--------+--------+--------+-----+--------+
         Total |   1831 |   1780 |     51 |      0 |   1564 |   2 |  915.5 |
       Dungeon |   1831 |   1780 |     51 |      0 |   1564 |   2 |  915.5 |
               +--------+--------+--------+--------+--------+-----+--------+

Top non-repeatable levels by time:
     D:1: 1813 daAuts
     D:2: 17 daAuts

Table legend:
 A = Non-vault XP
 B = Vault XP
 C = Vault XP percentage of total XP
 D = Non-vault monster count
 E = Vault monster count
 F = Vault count percentage of total count
                 A         B        C        D         E       F
            +---------+---------+-------+---------+---------+-------
      Total |      74 |       0 |   0.0 |      19 |       0 |   0.0
            +---------+---------+-------+---------+---------+-------
        D:1 |      32 |       0 |   0.0 |      17 |       0 |   0.0
        D:2 |      42 |       0 |   0.0 |       2 |       0 |   0.0
            +---------+---------+-------+---------+---------+-------
